 Dungeon Crawl Stone Soup version 0.26-a0-663-g36e8fdb655 (webtiles) character file.

Game seed: 15259643692977237193

1284 nomicflux the Reanimator (level 8, 0/44 HPs)
             Began as a Deep Elf Necromancer on Oct 10, 2020.
             Was a Priest of Makhleb.
             Shot with an arrow by a centaur (6 damage)
             ... on level 6 of the Dungeon.
             The game lasted 00:24:46 (8101 turns).

nomicflux the Reanimator (Deep Elf Necromancer)     Turns: 8101, Time: 00:24:47

Health: 0/44       AC:  8    Str:  6    XL:     8   Next: 29%
Magic:  4/22       EV: 13    Int: 22    God:    Makhleb [***...]
Gold:   438        SH:  5    Dex: 15    Spells: 12/23 levels left

rFire    . . .     SeeInvis .   x - +3 quarterstaff (chaos)
rCold    . . .     Faith    .   (shield currently unavailable)
rNeg     . . .     Spirit   .   a - +0 robe
rPois    .         Reflect  +   A - +0 helmet
rElec    .         Harm     .   y - +0 cloak
rCorr    .         Rampage  .   C - +1 pair of gloves
MR       .....                  B - +1 pair of boots
Stlth    ++........             v - amulet of reflection
HPRegen  0.14/turn              (no ring)
MPRegen  0.18/turn              (no ring)

@: no status effects
A: no striking features
a: Minor Destruction, Lesser Servant of Makhleb, Renounce Religion


You were on level 6 of the Dungeon.
You worshipped Makhleb.
Makhleb was most pleased with you.
You visited 2 branches of the dungeon, and saw 7 of its levels.
You also visited: Sewer.

You collected 438 gold pieces.

Inventory:

Hand Weapons
 e - a +0 short sword
 q - a +0 dagger of venom
 x - a +3 quarterstaff of chaos (weapon)
Armour
 a - a +0 robe (worn)
 p - the +2 scale mail "Uzuekka" {MR- Regen+ Dex+4 Slay+3, unknown}
   (You found it on level 5 of the Dungeon)

   It affects your dexterity (+4).
   It affects your accuracy and damage with ranged weapons and melee attacks
   (+3).
   It affects your resistance to hostile enchantments.
   It increases your rate of regeneration.
 y - a +0 cloak (worn)
 A - a +0 helmet (worn)
 B - a +1 pair of boots (worn)
 C - a +1 pair of gloves (worn)
Jewellery
 k - an uncursed ring of fire
 u - an uncursed amulet of magic regeneration
 v - an amulet of reflection (around neck)
Wands
 d - a wand of acid (7)
 o - a wand of iceblast (6)
 r - a wand of polymorph (20)
 F - a wand of digging (3)
Scrolls
 b - 2 scrolls of fear
 h - 2 scrolls of amnesia
 j - 2 scrolls of teleportation
 m - 3 scrolls of remove curse
 D - 2 scrolls of fog
 E - a scroll of blinking {unknown}
Potions
 c - a potion of cancellation
 f - 2 potions of invisibility
 g - 2 potions of heal wounds
 i - 6 potions of curing
 l - 2 potions of ambrosia
 n - 3 potions of haste
 s - a potion of mutation
 t - a potion of flight
 w - 2 potions of berserk rage {unknown}
 z - a potion of magic {unknown}
 G - a potion of might {unknown}


   Skills:
 + Level 2.3 Fighting
 - Level 2.4 Dodging
 - Level 2.4 Stealth
 + Level 8.1 Spellcasting
 - Level 3.0 Conjurations
 - Level 3.0 Summonings
 + Level 8.5 Necromancy
 + Level 2.3 Invocations


You had 12 spell levels left.
You knew the following spells:

 Your Spells              Type           Power        Failure   Level
a - Pain                  Necr           ####         1%          1
b - Vampiric Draining     Necr           #####.....   1%          3
c - Call Imp              Summ           ###.....     3%          2
d - Magic Dart            Conj           ###.         2%          1
e - Animate Dead          Necr           #####.....   2%          4

Your spell library contained the following spells:

 Spells                   Type           Power        Failure   Level
 Animate Skeleton         Necr           #####.       1%          1
 Agony                    Necr           #####...     6%          5
 Blink                    Tloc           N/A          11%         2
 Slow                     Hex            #.......     11%         2
 Conjure Flame            Conj/Fire      ###.....     12%         3
 Mephitic Cloud           Conj/Pois/Air  ##......     14%         3


Dungeon Overview and Level Annotations

Branches:
Dungeon (6/15)             Temple (1/1) D:5           Sewer (visited)

Altars:
Ashenzari
Cheibriados
Dithmenos
Elyvilon
Fedhas
Gozag
Hepliaklqana
Kikubaaqudgha
Makhleb
Nemelex Xobeh
Okawaru
Qazlal
Ru
Sif Muna
Trog
Vehumet
Xom
Zin


Message History

The arrow hits you.
You see here an arrow.
You swap places.
Something misses your crimson imp.
Your crimson imp blinks!
The centaur wields a +0 shortbow.
The centaur shoots an arrow.
You reflect the arrow off an invisible shield around you!
The arrow barely misses the centaur.
The centaur shoots an arrow.
The arrow hits you!
You see here 3 arrows.
You see here 6 arrows.
You see here 3 arrows.
Okay, then.
Casting: Call Imp (safe; 3% risk of failure)
Confirm with . or Enter, or press ? or * to list all spells.
Okay, then.
The centaur shoots an arrow.
The arrow hits you!
* * * LOW HITPOINT WARNING * * *
The centaur shoots an arrow.
The arrow hits you.
You die...

# ## #. ###. ######...
##...##.## #########
##.....#.#
#(.5....####........##
#..#.@...............(
#.c####c####.........(
#.5..##(# ##.....#.#(
###.##.##(# ##...##.<.
.........(.# ###.###..
.######.#### #.###..
#.# #...(.. ..#
######.. .#.# ........


You could see a centaur and a friendly crimson imp (summoned).

Vanquished Creatures
  2 sky beasts (D:6)
  An ogre (D:4)
  A scorpion (D:4)
  3 killer bees (D:5)
  A howler monkey (D:6)
  A hound (D:4)
  5 orc wizards
  2 orc priests
  An iguana (D:4)
  Crazy Yiuf (D:3)
  Ijyb (D:3)
  2 worker ants
  2 gnolls (D:3)
  6 adders
  A river rat (D:6)
  2 oozes
  3 worms
  3 leopard geckos
  22 orcs
  9 giant cockroaches
  13 goblins
  4 hobgoblins
  9 jackals
  3 quokkas
  2 ball pythons
  14 bats
  4 frilled lizards
  4 kobolds (D:1)
  A quokka skeleton (D:5)
  7 rats
130 creatures vanquished.

Vanquished Creatures (collateral kills)
  A water moccasin (Sewer)
  An ogre (D:6)
  A quasit (D:6)
  An orc priest (D:6)
  A centaur skeleton (D:4)
  A worker ant (D:5)
  2 orc wizards (D:4)
  A worker ant zombie (D:5)
  A gnoll (D:3)
  An adder (D:4)
  2 white imps (D:5)
  An ooze (D:4)
  An adder skeleton (D:4)
  A leopard gecko (D:4)
  5 orcs
  5 jackals
  2 bats (Sewer)
  A quokka skeleton (D:4)
  A rat (D:3)
30 creatures vanquished.

Grand Total: 160 creatures vanquished

Notes
Turn   | Place    | Note
-------+----------+-------------------------------------------
     0 | D:1      | nomicflux the Deep Elf Necromancer began the quest for the
                  | Orb.
     0 | D:1      | Reached XP level 1. HP: 10/10 MP: 6/6
    29 | D:1      | Reached skill level 5 in Necromancy
   381 | D:1      | Reached XP level 2. HP: 15/15 MP: 5/8
  1335 | D:1      | Reached XP level 3. HP: 16/19 MP: 6/10
  1725 | D:2      | Learned a level 3 spell: Vampiric Draining
  1733 | D:2      | Found a burning altar of Makhleb.
  1751 | D:2      | Became a worshipper of Makhleb the Destroyer
  1817 | D:2      | Learned a level 2 spell: Call Imp
  1819 | D:2      | Learned a level 1 spell: Magic Dart
  2198 | D:2      | Found a shimmering altar of Xom.
  2296 | D:3      | Reached XP level 4. HP: 24/24 MP: 6/12
  2412 | D:3      | Reached skill level 1 in Conjurations
  2412 | D:3      | Reached skill level 1 in Summonings
  2470 | D:3      | Reached * piety under Makhleb
  2559 | D:3      | Noticed Ijyb
  2575 | D:3      | Killed Ijyb
  2630 | D:3      | Reached XP level 5. HP: 14/28 MP: 4/14
  2822 | D:3      | Found an iron altar of Okawaru.
  2840 | D:3      | Learned a level 4 spell: Animate Dead
  3008 | D:3      | Reached skill level 5 in Spellcasting
  3178 | D:3      | Found a runed translucent door.
  3179 | D:3      | Noticed Crazy Yiuf
  3188 | D:3      | Killed Crazy Yiuf
  3469 | D:3      | Found a blossoming altar of Fedhas.
  3469 | D:3      | Found a sacrificial altar of Ru.
  3743 | D:4      | Noticed an ogre
  3779 | D:4      | Killed an ogre
  3779 | D:4      | Reached XP level 6. HP: 32/32 MP: 12/16
  3947 | D:4      | Reached ** piety under Makhleb
  4510 | D:4      | Reached XP level 7. HP: 9/36 MP: 14/18
  5086 | D:4      | You fall into a shaft and drop 1 floor!
  5086 | D:5      | Entered Level 5 of the Dungeon
  5366 | D:5      | Got an ichor-stained scale mail
  6136 | D:5      | Reached skill level 1 in Fighting
  6228 | D:5      | Found a staircase to the Ecumenical Temple.
  6240 | Temple   | Entered the Ecumenical Temple
  7000 | D:6      | Reached *** piety under Makhleb
  7232 | D:6      | Reached skill level 1 in Invocations
  7232 | D:6      | Reached XP level 8. HP: 44/44 MP: 3/21
  7659 | D:6      | Found a glowing drain.
  7663 | Sewer    | Entered a sewer
  8101 | D:6      | Shot with an arrow by a centaur

Illustrated notes

Levels and vault maps discovered:
D:1:      scummos_arrival_simple_crosswalls, layout_basic
D:2:      layout_rooms, bloody_makhleb, old_standard_altar
D:3:      layout_rooms, amethyst_overflow_temple_binary,
          okawaru_metal_pillars_1_2, corner_web_ring, uniq_crazy_yiuf_cottage,
          uniq_ijyb
D:4:      layout_basic, wad_orctagon
D:5:      layout_basic, minmay_temple_entry_sparse_star
D:6:      layout_loops_cross, old_standard_altar, gup_sewer_entry_spiral
Temple:   oiseaux_autumnal_temple

Skill      XL: |  1  2  3  4  5  6  7  8 |
---------------+-------------------------+-----
Necromancy     | 5 6 7 8 |  8.5
Spellcasting   | 4 5 6 7 8 |  8.1
Conjurations   | 1 2 3 |  3.0
Summonings     | 1 2 3 |  3.0
Fighting       | 1 2 |  2.3
Invocations    | 1 2 |  2.3
Dodging        | |  2.4
Stealth        | |  2.4

Action                   |  1- 3 |  4- 6 |  7- 9 || total
-------------------------+-------+-------+-------++-------
Melee: Short sword       |       |     1 |       ||     1
       Quarterstaff      |       |       |     6 ||     6
 Cast: Pain              |    67 |   113 |    90 ||   270
       Magic Dart        |     4 |     4 |    15 ||    23
       Call Imp          |     2 |    21 |    63 ||    86
       Animate Dead      |       |     7 |     5 ||    12
       Vampiric Draining |       |       |    14 ||    14
  Use: Scroll            |       |    16 |     3 ||    19
       Potion            |       |     1 |     1 ||     2
 Stab: Distracted        |       |       |     1 ||     1
Armor: Robe              |     2 |    11 |    28 ||    41
Dodge: Dodged            |    14 |    29 |    51 ||    94
Block: Other             |       |       |    19 ||    19
       Reflection        |       |       |     5 ||     5

Table legend: (Time is in decaauts)
 A = Elapsed time spent in this place.
 B = Non-inter-level travel time spent in this place.
 C = Inter-level travel time spent in this place.
 D = Time resting spent in this place.
 E = Time spent auto-exploring this place.
 F = Levels seen in this place.
 G = Mean time per level.
                   A        B        C        D        E       F      G
               +--------+--------+--------+--------+--------+-----+--------+
         Total |   8154 |   8043 |    111 |   2072 |   4136 |   8 | 1019.2 |
       Dungeon |   7773 |   7693 |     80 |   2072 |   3882 |   6 | 1295.5 |
        Temple |    285 |    254 |     31 |      0 |    253 |   1 |  285.0 |
         Sewer |     95 |     95 |      0 |      0 |      0 |   1 |   95.0 |
               +--------+--------+--------+--------+--------+-----+--------+

Top non-repeatable levels by time:
     D:4: 1893 daAuts
     D:1: 1471 daAuts
     D:5: 1257 daAuts
     D:3: 1196 daAuts
     D:6: 1066 daAuts
     D:2: 888 daAuts
  Temple: 285 daAuts
   Sewer: 95 daAuts
